 Dungeon Crawl Stone Soup version 0.18-a0-902-g8738618 (webtiles) character file.

123 Jmtri7 the Charlatan (level 5, -10/37 HPs)
             Began as a Formicid Artificer on Dec 25, 2015.
             Shot with an arrow by a centaur warrior (18 damage)
             ... on level 15 of the Dungeon.
             The game lasted 00:02:35 (485 turns).

Jmtri7 the Charlatan (Formicid Artificer)            Turns: 485, Time: 00:02:35

Health: -10/37     AC:  3    Str: 16    XL:     5   Next: 29%
Magic:  8/8        EV: 11    Int: 12    God:
Gold:   19         SH:  0    Dex: 11    Spells: 0 memorised, 4 levels left

rFire  . . .     SeeInvis +     g - +1 short sword (speed)
rCold  . . .     Gourm    .     b - +0 leather armour
rNeg   . . .     Faith    .     (no shield)
rPois  .         Spirit   .     (helmet unavailable)
rElec  .         Dismiss  .     (no cloak)
rCorr  .         Reflect  .     (no gloves)
SustAt .         Harm     .     (no boots)
MR     .....                    (no amulet)
Stlth  +.........               (no ring)
                                (no ring)

@: starving, not resistant to hostile enchantments, very unstealthy
A: permanent stasis, dig shafts and tunnels, four strong arms, antennae 3
a: Dig, Shaft Self


You were on level 15 of the Dungeon.
You were starving.

You visited 1 branch of the dungeon, and saw 10 of its levels.

You collected 19 gold pieces.

Inventory:

Hand Weapons
 g - a +1 short sword of speed (weapon)
Armour
 b - a +0 leather armour (worn)
Wands
 c - a wand of flame (15/48)
 d - a wand of enslavement (5/24)
 e - a wand of random effects (15/48)
Potions
 i - a potion of curing {unknown}
 j - a potion of magic {unknown}
Miscellaneous
 a - a crystal ball of energy
Comestibles
 f - a bread ration
 h - a slice of pizza


   Skills:
 - Level 1.1 Fighting
 - Level 3.3 Short Blades
 - Level 1.7 Dodging
 - Level 1.2 Stealth
 + Level 4.9 Evocations


You had 4 spell levels left.
You didn't know any spells.

Dungeon Overview and Level Annotations

Branches:
Dungeon (13/15)
 Temple: D:4-7         Lair: D:8-11         Orc: D:9-12      Vaults: D:13-14

Altars:


Innate Abilities, Weirdness & Mutations

You are under a permanent stasis effect.
You can dig through walls and to a lower floor.
Your four strong arms can wield two-handed weapons with a shield.
You have a pair of large antennae on your head (SInv).


Message History

You see here a bubbling purple potion.
j - a bubbling purple potion The centaur unwields an uncursed shortbow.
The centaur hits you.
The centaur warrior shouts!
You hear a shout! x2
The orc warrior hits you with a scimitar.
The centaur warrior wields a shortbow.
The centaur warrior shoots an arrow.
The arrow hits you!
* * * LOW HITPOINT WARNING * * *
You see here an arrow.
A centaur comes into view.
You see here a scale mail.
Zapping:
d - a wand of enslavement (6/24)
Press: ? - help, Shift-Dir - straight line, f - centaur warrior, p - orc wizard
Aim: a centaur warrior, wielding a shortbow (chance to defeat MR: 38%)
The centaur warrior resists with some effort.
This wand has 5 charges left.
The centaur moves out of view.
The centaur warrior shoots an arrow.
The arrow hits you!!
You die...

#.####.# {# #.# #.# .#{
#.####.##.# ..# #.##...{.## #.#
##.##.#.##.## #.# #....(..ooc.#
#.# #.#######c#...# #.# #.####
#(# ....# #.# #....# #@# #### #.#
#o.#.# #.# ####.#.# #....# #.##+
#.....# #.#### #.#... #.##.##
######.#######...... #.#.##
#.................... #.##.###
###.####....###?......o.##.#...#.
............[.+......o.){..{.....
###o####....### .$....##.......


You could see a centaur warrior, an orc warrior, a centaur and an orc wizard.

Vanquished Creatures (collateral kills)
  A hungry ghost (D:13)
  An orc (D:13)
2 creatures vanquished.

Vanquished Creatures (others)
  A wyvern (D:13)
  A giant frog (D:13)
  A giant frog zombie (D:13)
  An orc (D:15)
4 creatures vanquished.

Grand Total: 6 creatures vanquished

Notes
Turn   | Place    | Note
--------------------------------------------------------------
     0 | D:1      | Jmtri7 the Formicid Artificer began the quest for the Orb.
     0 | D:1      | Reached XP level 1. HP: 15/15 MP: 3/3
    13 | D:1      | You fall through a shaft!
    16 | D:2      | You fall through a shaft!
    19 | D:3      | You fall through a shaft for 2 floors!
    19 | D:5      | Entered Level 5 of the Dungeon
    39 | D:5      | You fall through a shaft!
    39 | D:6      | Noticed a giant frog skeleton
    42 | D:6      | You fall through a shaft for 3 floors!
    45 | D:9      | You fall through a shaft for 3 floors!
    48 | D:12     | You fall through a shaft!
    66 | D:13     | Noticed a giant frog zombie
    66 | D:13     | Noticed a giant frog
    66 | D:13     | Noticed a hungry ghost
    66 | D:13     | Noticed a wyvern
    66 | D:13     | Noticed a sky beast
    73 | D:13     | Killed a hungry ghost
    73 | D:13     | Reached skill level 4 in Evocations
    73 | D:13     | Reached XP level 2. HP: 5/21 MP: 5/5
    73 | D:13     | Reached XP level 3. HP: 6/26 MP: 6/6
    73 | D:13     | Reached XP level 4. HP: 7/32 MP: 7/7
    81 | D:13     | HP: 1/32 [giant frog (7)]
    84 | D:13     | Reached XP level 5. HP: 1/37 MP: 8/8
    85 | D:13     | You fall through a shaft!
    85 | D:14     | Noticed a gargoyle
    88 | D:14     | You fall through a shaft!
    88 | D:15     | Entered Level 15 of the Dungeon
   395 | D:15     | Noticed an orc warrior
   478 | D:15     | Noticed a centaur
   479 | D:15     | Noticed a centaur warrior
   485 | D:15     | Noticed a centaur
   485 | D:15     | Shot with an arrow by a centaur warrior

Vault maps used:
D:1:      roderic_crossed_star, minmay_misc_feat_plants
D:2:      gammafunk_temple_overflow_elements, first_bread, cheibrodos_gnoll_hut,
          uniq_jessica
D:3:      lightli_sewer_entry_pipes, minmay_misc_feat_hallway
D:5:      minmay_temple_entry_statues_pillars, small_statue_intersection,
          uniq_prince_ribbit1, uniq_crazy_yiuf_cottage, uniq_duvessa,
          uniq_edmund, uniq_grinder
D:6:      grunt_dithmenos_shadows, uniq_eustachio
D:12:     hangedman_little_slice_of_home, uniq_azrael
D:13:     minmay_spiral_squares, pond, uniq_nessos
D:14:     grunt_vaults_entry_tiered, hangedman_decor_slide_cut
D:15:     grunt_enter_depths_hoard, hangedman_abyss_or_decor_stabs, uniq_rupert,
          uniq_josephine, uniq_sonja

Action                   |  1- 3 |  4- 6 || total
-------------------------+-------+-------++-------
 Abil: Shaft Self        |     7 |     2 ||     9
       Dig               |     1 |       ||     1
Evoke: Wand              |     3 |     7 ||    10
